 Dungeon Crawl Stone Soup version 0.28.0-53-g5a82cb258f (webtiles) character file.

Game seed: 5057567652060609235

1922 bnorton916 the Thaumaturge (level 8, -4/35 (41) HPs)
             Began as a Deep Elf Fire Elementalist on June 11, 2022.
             Was an Initiate of Gozag.
             Slain by a wight
             ... wielding a +0 great sword
              (7 damage)
             ... on level 5 of the Dungeon.
             The game lasted 00:09:11 (8927 turns).

bnorton916 the Thaumaturge (DEFE)                   Turns: 8927, Time: 00:09:12

HP:   -4/35 (41)    AC:  8    Str:  5    XL:     8   Next: 96%
MP:   11/22         EV: 13    Int: 27    God:    Gozag
Gold: 295           SH:  0    Dex: 17    Spells: 11/24 levels left

rFire   . . .      SeeInvis +   o - +2 dagger (venom)
rCold   . . .      Faith    .   (no shield)
rNeg    . . .      Spirit   .   a - +0 robe
rPois   .          Reflect  .   H - +0 helmet
rElec   .          Harm     .   E - +0 cloak
rCorr   .          Rampage  .   v - +1 pair of gloves
Will    +....                   f - +1 pair of boots {Stlth+}
Stlth   +++.......              (no amulet)
HPRegen 0.11/turn               i - ring "Fyskoagu" {Will+ Int+4 Dex+2 Slay+6}
MPRegen 0.18/turn               c - ring of see invisible

@: gold aura, heavily drained
A: no striking features
a: Renounce Religion, Potion Petition, Call Merchant, Bribe Branch


You were on level 5 of the Dungeon.
You worshipped Gozag.
Gozag was aware of your devotion.
You visited 2 branches of the dungeon, and saw 7 of its levels.

You collected 368 gold pieces.
You paid 73 gold pieces to Gozag.

Inventory:

Hand Weapons
 k - a +0 vorpal trident
 o - a +2 dagger of venom (weapon)
 q - a +1 short sword of speed
 y - a +2 whip of freezing
Missiles
 b - 3 poisoned darts
 l - 95 stones
Armour
 a - a +0 robe (worn)
 f - a +1 pair of boots of stealth (worn)
 r - the +4 ring mail of Bur Qinn {rElec rC+ Slay+2}
   (You found it on level 4 of the Dungeon)

   Slay:      It affects your accuracy & damage with ranged weapons and melee
   (+2).
   rC:        It protects you from cold.
   rElec:     It insulates you from electricity.
 v - a +1 pair of gloves (worn)
 E - a +0 cloak (worn)
 H - a +0 helmet (worn)
Jewellery
 c - a ring of see invisible (right hand)
 i - the ring "Fyskoagu" (left hand) {Will+ Int+4 Dex+2 Slay+6}
   (You found it on level 2 of the Dungeon)

   [ring of willpower]

   Int:       It affects your intelligence (+4).
   Dex:       It affects your dexterity (+2).
   Slay:      It affects your accuracy & damage with ranged weapons and melee
   (+6).
   Will:      It increases your willpower.
 s - a +6 ring of dexterity
 C - a ring of positive energy
 F - a ring of ice
Wands
 t - a wand of polymorph (5)
 u - a wand of flame (23)
 x - a wand of paralysis (2)
Scrolls
 d - a scroll of immolation {unknown}
 e - 2 scrolls of fog {unknown}
 g - 2 scrolls of vulnerability
 h - a scroll of noise
 j - a scroll of fear {unknown}
 p - 2 scrolls of identify {unknown}
 B - a scroll of blinking {unknown}
 K - a scroll of magic mapping {unknown}
Potions
 m - a potion of magic {unknown}
 n - a potion of cancellation {unknown}
 w - 2 potions of curing {unknown}
 z - a potion of might {unknown}
 A - 2 potions of mutation {unknown}
 D - 2 potions of haste
 G - a potion of attraction {unknown}
 I - a potion of heal wounds {unknown}
 J - a potion of invisibility {unknown}


   Skills:
 + Level 3.6 Armour
 - Level 2.4 Dodging
 - Level 2.4 Stealth
 * Level 8.6 Spellcasting
 + Level 6.7 Conjurations
 + Level 7.5 Fire Magic
 + Level 0.4 Ice Magic


You had 11 spell levels left.
You knew the following spells:

 Your Spells              Type           Power      Damage    Failure   Level
a - Foxfire               Conj/Fire      100%       2x1d9     1%          1
b - Scorch                Fire           100%       2d10      1%          2
c - Conjure Flame         Conj/Fire      50%        6-21      1%          3
d - Flame Wave            Conj/Fire      50%        2d10      2%          4
e - Ozocubu's Armour      Ice            14%        N/A       12%         3

Your spell library contained the following spells:

 Spells                   Type           Power      Damage    Failure   Level
 Inner Flame              Hex/Fire       31%        N/A       3%          3
 Ensorcelled Hibernation  Hex/Ice        24%        N/A       7%          2
 Passwall                 Tmut/Erth      9%         N/A       8%          2
 Iskenderun's Battlesphe  Conj           47%        2d10      9%          5
 Call Canine Familiar     Summ           11%        N/A       16%         3
 Portal Projectile        Hex/Tloc       22%        N/A       16%         3
 Swiftness                Air            11%        N/A       16%         3
 Leda's Liquefaction      Hex/Erth       5%         N/A       45%         4
 Iron Shot                Conj/Erth      14%        9d4       88%         6
 Ozocubu's Refrigeration  Ice            7%         4d6       100%        7
 Spellforged Servitor     Conj/Summ      14%        N/A       100%        7


Dungeon Overview and Level Annotations

Branches:
Dungeon (6/15)             Temple (1/1) D:5

Altars:
Ashenzari
Cheibriados
Dithmenos
Fedhas
Gozag
Hepliaklqana
Kikubaaqudgha
Makhleb
Nemelex Xobeh
Okawaru
Qazlal
Ru
Sif Muna
Trog
Uskayaw
Vehumet
Wu Jian
Zin
The Shining One

Shops:
D:4 ?


Message History

Casting: Foxfire (safe; 1% risk of failure)
Confirm with . or Enter, or press ? or * to list all spells.
Flames lash the wight.
The wight is almost destroyed.
The wight's fire resistance burns away.
The wight hits you but does no damage. The wight barely misses you.
The wight completely misses you. x2
You climb upwards.
There is a stone staircase leading down here.
Casting: Scorch (safe; 1% risk of failure)
Confirm with . or Enter, or press ? or * to list all spells.
Flames lash the wight.
The wight is almost destroyed.
The wight hits you with a +0 mace.
You feel drained. The wight closely misses you. The wight closely misses you.
The wight hits you but does no damage.
Casting: Scorch (safe; 1% risk of failure)
Confirm with . or Enter, or press ? or * to list all spells.
Flames lash the wight.
The wight is burned terribly!
You destroy the wight!
The wight hits you with a +0 great sword.
You feel drained. The wight misses you.
Unknown command.
Casting: Scorch (safe; 1% risk of failure)
Confirm with . or Enter, or press ? or * to list all spells.
Flames lash the wight.
The wight is severely damaged.
The wight's fire resistance burns away.
The wight hits you with a +0 great sword!
You feel drained. The wight barely misses you.
Casting: Scorch (safe; 1% risk of failure)
Confirm with . or Enter, or press ? or * to list all spells.
Flames lash the wight but do no damage.
The wight hits you with a +0 great sword!
* * * LOW HITPOINT WARNING * * *
You feel drained.
You die...
Your body crumbles into a pile of gold.

........##.........##.....#
.....[.###...............####
............................####
.###....#......................#
.#####.##........#.............#
..#.#............#.#.##.......##
.................##.######.....#
....................# ###.###
...............z@..### ###
.................$...##
......................##
.......................#
.....##...............##
....###......#..#.....#
............##..##....##
............#....#.....#
..........#.......#...##


You could see a wight (combustible).

Vanquished Creatures
  Pikel (D:4)
  Sigmund (D:2)
  A necrophage (D:4)
  An ogre (D:4)
  A phantom (D:6)
  Blork the orc (D:4)
  2 scorpions (D:5)
  A water moccasin skeleton (D:5)
  5 killer bees
  3 wights
  A howler monkey (D:6)
  2 jellies
  A hound (D:5)
  2 orc priests
  3 centaur skeletons
  2 iguanas
  3 hound skeletons
  Robin (D:3)
  6 adders
  2 adder skeletons (D:4)
  A worm (D:2)
  A dart slug (D:4)
  18 orcs
  A ball python (D:1)
  5 endoplasms
  3 giant cockroaches
  13 goblins
  8 hobgoblins
  6 kobolds
  6 quokkas
  6 bats
  3 frilled lizards
  A quokka skeleton (D:4)
  7 rats
119 creatures vanquished.

Vanquished Creatures (others)
  454 foxfires
454 creatures vanquished.

Grand Total: 573 creatures vanquished

Notes
Turn   | Place    | Note
-------+----------+-------------------------------------------
     0 | D:1      | bnorton916 the Deep Elf Fire Elementalist began the quest
                  | for the Orb.
     0 | D:1      | Reached XP level 1. HP: 10/10 MP: 6/6
   253 | D:1      | Reached XP level 2. HP: 15/15 MP: 2/8
  1022 | D:1      | Found a faded altar of an unknown god.
  1388 | D:2      | Reached XP level 3. HP: 19/19 MP: 6/10
  1549 | D:2      | Identified the ring "Fyskoagu" {Will+ Int+4 Dex+2 Slay+6}
  1699 | D:2      | Reached skill level 4 in Spellcasting
  1798 | D:2      | Noticed Sigmund
  1806 | D:2      | Learned a level 2 spell: Scorch
  1810 | D:2      | Learned a level 3 spell: Conjure Flame
  1823 | D:2      | Killed Sigmund
  1824 | D:2      | Reached skill level 5 in Spellcasting
  1824 | D:2      | Reached XP level 4. HP: 24/24 MP: 4/13
  1824 | D:2      | Reached XP level 5. HP: 28/28 MP: 4/14
  2483 | D:2      | Found a snail-covered altar of Cheibriados.
  2542 | D:3      | Noticed Robin
  2947 | D:3      | Reached skill level 5 in Fire Magic
  3085 | D:3      | Reached XP level 6. HP: 26/32 MP: 6/16
  3326 | D:3      | Found a radiant altar of Vehumet.
  3658 | D:4      | Identified the +4 ring mail of Bur Qinn {rElec rC+ Slay+2}
  3960 | D:4      | Noticed Pikel
  3983 | D:4      | Killed Pikel
  3984 | D:4      | Reached skill level 1 in Armour
  3984 | D:4      | Reached skill level 6 in Spellcasting
  3984 | D:4      | Reached skill level 5 in Conjurations
  3984 | D:4      | Reached XP level 7. HP: 36/36 MP: 4/19
  4719 | D:4      | Noticed Blork the orc
  4757 | D:4      | Killed Blork the orc
  4758 | D:4      | Reached skill level 7 in Spellcasting
  5048 | D:4      | Found a bloodstained altar of Trog.
  5212 | D:4      | Found Marush's Magic Scroll Shop.
  5292 | D:5      | Entered Level 5 of the Dungeon
  5292 | D:5      | Found a staircase to the Ecumenical Temple.
  5311 | D:4      | Reached XP level 8. HP: 21/41 MP: 8/20
  6640 | Temple   | Entered the Ecumenical Temple
  6709 | Temple   | Became a worshipper of Gozag Ym Sagoz the Greedy
  7309 | D:3      | Found a glowing golden altar of the Shining One.
  7309 | D:3      | Found an iron altar of Okawaru.
  7473 | D:3      | Killed Robin
  7593 | D:5      | Reached skill level 8 in Spellcasting
  7847 | D:5      | Found a sparkling altar of Nemelex Xobeh.
  8816 | D:5      | Learned a level 4 spell: Flame Wave
  8820 | D:5      | Learned a level 3 spell: Ozocubu's Armour
  8927 | D:5      | Slain by a wight

Illustrated notes

Levels and vault maps discovered:
D:1:      amcnicky_arrival_abandoned_market, layout_basic,
          shapermc_ecumenical_altar_mp_vishouse
D:2:      layout_basic, basic_altar, uniq_sigmund
D:3:      layout_rooms, nicolae_overflow_hidden_temple, uniq_robin
D:4:      layout_loops_ring, mainiacjoe_overflow_alcove_1, serial_shops,
          nicolae_shop_advertising_works [nicolae_subvault_shop_adworks],
          nicolae_elevator_lobby_asterisk, uniq_blork_the_orc, uniq_pikel
D:5:      layout_cave_pools, nemelex_diamond_rough_becter,
          minmay_temple_entry_mist
D:6:      layout_cave_pools, tgw_xom
Temple:   eino_temple_lava

Skill      XL: |  1  2  3  4  5  6  7  8 |
---------------+-------------------------+-----
Conjurations   | 2 3 5 6 |  6.7
Fire Magic     | 4 5 6 7 |  7.5
Spellcasting   | 5 6 7 8 |  8.6
Armour         | 1 2 3 |  3.6
Dodging        | |  2.4
Stealth        | |  2.4
Ice Magic      | |  0.4

Action                   |  1- 3 |  4- 6 |  7- 9 || total
-------------------------+-------+-------+-------++-------
 Cast: Foxfire           |    96 |    88 |    95 ||   279
       Conjure Flame     |     1 |     2 |     1 ||     4
       Scorch            |       |    13 |    49 ||    62
  Use: Scroll            |       |       |     2 ||     2
Armor: Robe              |     3 |     1 |    40 ||    44
Dodge: Dodged            |    13 |     4 |    90 ||   107
